 Dungeon Crawl Stone Soup version 0.29.1-15-g9cfb28693d (webtiles) character file.

Game seed: 2133051121869976384

270 protoss039 the Digger (level 6, 46/46 HPs)
             Began as a Demonspawn Earth Elementalist on Mar 12, 2023.
             Got out of the dungeon alive.
             The game lasted 00:04:32 (4015 turns).

protoss039 the Digger (DsEE)                        Turns: 4015, Time: 00:04:32

Health: 46/46      AC:  9    Str:  8    XL:     6   Next: 1%
Magic:  10/10      EV: 10    Int: 19    God:
Gold:   228        SH:  5    Dex: 13    Spells: 2/11 levels left

rFire   . . .      SeeInvis .   o - +0 dagger (pain)
rCold   . . .      Faith    .   (no shield)
rNeg    . . .      Spirit   .   w - +0 ring mail
rPois   .          Reflect  +   (no helmet)
rElec   .          Harm     .   k - +0 cloak
rCorr   .          Rampage  .   n - +0 pair of gloves
Will    .....                   (no boots)
Stlth   +.........              h - amulet of reflection
HPRegen 0.15/turn               (no ring)
MPRegen 0.24/turn               (no ring)

@: no status effects
A: claws 1, yellow scales 1, foul stench 1, magic regeneration
a: no special abilities


You escaped.
You visited 1 branch of the dungeon, and saw 4 of its levels.

You collected 228 gold pieces.

Inventory:

Hand Weapons
 o - a +0 dagger of pain (weapon)
Armour
 k - a +0 cloak (worn)
 n - a +0 pair of gloves (worn)
 w - a +0 ring mail (worn)
Magical Staves
 l - a staff of earth
Jewellery
 h - an amulet of reflection (around neck)
Scrolls
 a - a scroll of enchant armour {unknown}
 d - 2 scrolls of identify {unknown}
 g - a scroll of acquirement {unknown}
 i - a scroll of vulnerability {unknown}
 j - a scroll of blinking {unknown}
 m - a scroll of fog {unknown}
 q - a scroll of fear {unknown}
 t - a scroll of silence {unknown}
 v - a scroll of noise {unknown}
Potions
 b - a potion of magic
 c - a potion of curing {unknown}
 e - a potion of experience {unknown}
 f - a potion of might {unknown}
 p - a potion of degeneration {unknown}
 r - a potion of haste {unknown}
 s - 2 potions of invisibility {unknown}
 u - 2 potions of heal wounds {unknown}


   Skills:
 + Level 2.5 Fighting
 * Level 2.0 Armour
 - Level 1.7 Dodging
 - Level 1.7 Stealth
 + Level 3.2 Spellcasting
 + Level 1.3 Conjurations
 - Level 0.8 Transmutations
 * Level 0.6 Air Magic
 + Level 3.7 Earth Magic
 * Level 0.7 Poison Magic


You had 2 spell levels left.
You knew the following spells:

 Your Spells              Type           Power      Damage    Failure   Level
a - Sandblast             Erth           34%        2d9       10%         1
b - Passwall              Tmut/Erth      9%         N/A       26%         2
c - Stone Arrow           Conj/Erth      24%        3d8       43%         3
d - Mephitic Cloud        Conj/Pois/Air  6%         N/A       67%         3

Your spell library contained the following spells:

 Spells                   Type           Power      Damage    Failure   Level
 Magic Dart               Conj           32%        1d4       26%         1
 Call Imp                 Summ           3%         N/A       56%         2
 Petrify                  Tmut/Erth      11%        N/A       86%         4


Dungeon Overview and Level Annotations

Branches:
Dungeon (4/15) Zot: 19937
 Temple: D:4-7

Altars:

Shops:
D:1 (


Innate Abilities, Weirdness & Mutations

You have sharp fingernails.
You are partially covered in yellow scales. (AC +2)
You may rarely emit foul miasma when damaged in melee.
You regenerate magic rapidly.


Message History

The blast of sand hits the phantom!
You destroy the phantom!
Your Armour skill increases to level 2!
You have reached level 6!
Your demonic ancestry asserts itself...
You begin to emit a foul stench of rot and decay.
A hound comes into view.
Unknown command.
You hit the endoplasm.
The endoplasm is heavily wounded.
The endoplasm barely misses you.
Unknown command.
You barely miss the endoplasm.
The endoplasm is heavily wounded.
The endoplasm closely misses you.
Unknown command.
You hit the endoplasm.
You kill the endoplasm!
The hound barks!
Unknown command.
There is a stone staircase leading up here.
The hound closely misses you.
You climb upwards.
There is a stone staircase leading down here.
Unknown command.
(D) Dungeon
Where to? (Enter - D:3 @ (x,y), ? - help)
What level of the Dungeon? (default 1, ? - help) Magic restored.
There is a stone staircase leading down here.
There is a stone staircase leading up here.
You climb upwards.
There is a stone staircase leading down here.
There is a stone staircase leading up here.
You climb upwards.
There is a stone staircase leading down here.
There is a large open door here.
There is a staircase leading out of the dungeon here.
Are you sure you want to leave the Dungeon?
This will make you lose the game!
You have escaped!

.#####........#.##.##.######...#
.#####.########.........# #...#
....##.# #.#..####.# #...#
.##.##.# ###.#....##.# #...#
....##.# ##...#.##.##.# #...#
.......#####..#####.....####...##
###.####...#..#...#..............
....# #...#..#...##.............
.##.# #...+..#.@.##............>
.##.## #...#..'...##.##.###.....#
.....###...####...#.....# #.....#
.###..###'######''#..#### #.....#
.# ##.#...##..##.....# #.....# .#
#................# #.....# .#
###...##..##.....### #.....# .#
###'######'##....# ###...#.
.#######...####...#.##.# #.......


There were no monsters in sight!

Vanquished Creatures
  A phantom (D:4)
  A centaur skeleton (D:3)
  A scorpion zombie (D:3)
  6 adders
  A worm (D:2)
  3 dart slugs
  10 orcs (D:3)
  8 endoplasms
  2 giant cockroaches
  6 goblins
  6 hobgoblins
  5 jackals
  A quokka (D:1)
  7 ball pythons
  A ball python zombie (D:3)
  4 bats
  3 frilled lizards
  2 kobolds
  7 rats
75 creatures vanquished.

Vanquished Creatures (others)
  A withered plant (D:3)
1 creature vanquished.

Grand Total: 76 creatures vanquished

Notes
Turn   | Place    | Note
-------+----------+-------------------------------------------
     0 | D:1      | protoss039 the Demonspawn Earth Elementalist began the
                  | quest for the Orb.
     0 | D:1      | Reached XP level 1. HP: 13/13 MP: 3/3
   389 | D:1      | Found a faded altar of an unknown god.
   416 | D:1      | Gained mutation: You have sharp fingernails. [demonic
                  | ancestry]
   416 | D:1      | Reached XP level 2. HP: 8/20 MP: 0/5
   723 | D:1      | Reached skill level 1 in Fighting
  1190 | D:1      | Found Refohuf's Weapon Boutique.
  1505 | D:1      | Learned a level 2 spell: Passwall
  1516 | D:2      | Gained mutation: You are partially covered in yellow
                  | scales. (AC +2) [demonic ancestry]
  1516 | D:2      | Reached XP level 3. HP: 26/26 MP: 2/6
  2158 | D:2      | Reached XP level 4. HP: 33/33 MP: 6/8
  2461 | D:2      | Learned a level 3 spell: Stone Arrow
  2744 | D:3      | Reached skill level 1 in Armour
  2886 | D:3      | Gained mutation: You regenerate magic rapidly. [demonic
                  | ancestry]
  2886 | D:3      | Reached XP level 5. HP: 38/38 MP: 6/9
  3143 | D:3      | Reached skill level 1 in Conjurations
  3673 | D:3      | Learned a level 3 spell: Mephitic Cloud
  3925 | D:4      | Noticed a phantom
  3933 | D:4      | Killed a phantom
  3934 | D:4      | Gained mutation: You may rarely emit foul miasma when
                  | damaged in melee. [demonic ancestry]
  3934 | D:4      | Reached XP level 6. HP: 46/46 MP: 5/10
  4015 | D:$      | Got out of the dungeon alive.

Illustrated notes

Levels and vault maps discovered:
D:1:      dpeg_arrival_houses_and_road, layout_loops_cross,
          hellmonk_ecumenical_altar_leap_of_faith, serial_shops, shop,
          nicolae_kite_square_tiling_tiny, minmay_distorted
D:2:      layout_loops_ring
D:3:      layout_loops_ring, serial_undead, serial_undead_b, serial_undead_c,
          serial_undead_a, serial_undead_c
D:4:      layout_layer_cave, okawaru_trees_1

Skill      XL: |  1  2  3  4  5 |
---------------+----------------+-----
Fighting       | 1 2 |  2.5
Earth Magic    | 3 |  3.7
Armour         | 1 2 |  2.0
Spellcasting   | 3 |  3.2
Conjurations   | 1 |  1.3
Dodging        | |  1.7
Stealth        | |  1.7
Transmutations | |  0.8
Air Magic      | |  0.6
Poison Magic   | |  0.7

Action                   |  1- 3 |  4- 6 || total
-------------------------+-------+-------++-------
Melee: Unarmed           |     6 |       ||     6
       Dagger            |    56 |    89 ||   145
       Punch             |     1 |     1 ||     2
       Staff             |     9 |       ||     9
 Cast: Sandblast         |    45 |    48 ||    93
       Stone Arrow       |       |     1 ||     1
 Stab: Sleeping          |     1 |       ||     1
Armor: Robe              |    20 |    40 ||    60
       Ring mail         |       |     4 ||     4
Dodge: Dodged            |    44 |    78 ||   122
Block: Other             |     7 |    31 ||    38
       Reflection        |     1 |       ||     1
